 Dungeon Crawl Stone Soup version 0.31-a0-267-g3fc6992b3b (webtiles) character file.

Game seed: 17550572364147802471

39 qw the Shooter (level 3, 0/21 HPs)
             Began as a Gargoyle Hexslinger on July 13, 2023.
             Killed by nerve-wracking pain
             ... invoked by an orc priest
              (5 damage)
             ... on level 3 of the Dungeon.
             The game lasted 00:00:32 (1368 turns).

qw the Shooter (Gargoyle Hexslinger)                Turns: 1368, Time: 00:00:32

Health: 0/21       AC:  6    Str: 11    XL:     3   Next: 45%
Magic:  4/4        EV: 11    Int: 13    God:
Gold:   15         SH:  0    Dex: 14    Spells: 3/4 levels left

rFire   . . .        Y - +3 sling
rCold   . . .        (no shield)
rNeg    + . .        i - +0 leather armour
rPois   inf          (no helmet)
rElec   +            (no cloak)
rCorr   .            (no gloves)
SInv    .            (no boots)
Will    .....        (no amulet)
Stlth   +            (no ring)
HPRegen 0.23/turn    (no ring)
MPRegen 0.09/turn

%: no passive effects
@: no status effects
A: sickness immunity, AC +3, negative energy resistance 1, electricity
resistance, torment resistance 1, petrification resistance
a: no special abilities


You were on level 3 of the Dungeon.
You visited 1 branch of the dungeon, and saw 3 of its levels.

You collected 63 gold pieces.
You spent 48 gold pieces at shops.


Innate Abilities, Weirdness & Mutations

You are immune to sickness and miasma.
Your stone body is resilient. (AC +3)
You are immune to poison.
You resist negative energy. (rN+)
You are resistant to electric shocks. (rElec)
You are resistant to unholy torment.
You are immune to petrification.


   Skills:
 - Level 2.0 Fighting
 + Level 3.4 Ranged Weapons
 - Level 1.5 Dodging
 - Level 1.0 Spellcasting
 - Level 2.6 Hexes


You had 3 spell levels left.
You knew the following spells:

 Your Spells              Type           Power      Damage    Failure   Level
a - Slow                  Hex            28%        N/A       12%         1

Your spell library contained the following spells:

 Spells                   Type           Power      Damage    Failure   Level
 Inner Flame              Hex/Fire       4%         N/A       54%         3
 Portal Projectile        Hex/Tloc       8%         N/A       54%         3
 Cause Fear               Hex            3%         N/A       77%         4

Inventory:

Hand Weapons
 Y - a +3 sling (weapon)
Armour
 i - a +0 leather armour (worn)
Scrolls
 c - a scroll of identify
Potions
 e - a potion of brilliance {unknown}
 f - a potion of mutation {unknown}
 g - a potion of degeneration {unknown}

Dungeon Overview and Level Annotations

Branches:
Dungeon (3/15)

Altars:

Shops:
D:2 ?


Message History

You shoot a sling bullet. The sling bullet hits the orc.
The orc is moderately wounded.
A jackal comes into view.
An orc priest comes into view. It is wielding a +0 hand axe.
An orc comes into view.
It is wielding a +0 falchion of holy wrath.
The orc closely misses you.
You shoot a sling bullet.
The sling bullet closely misses the orc.
The sling bullet hits the orc priest.
The orc priest is heavily wounded.
The orc priest casts a cantrip, but nothing happens.
The orc hits you with a +0 club.
You shoot a sling bullet. The sling bullet hits the orc.
The orc is heavily wounded.
A ball python comes into view.
The orc hits you with a +0 club.
An orc priest comes into view. It is wielding a +0 dagger.
You shoot a sling bullet.
The sling bullet completely misses the orc.
The sling bullet closely misses the orc priest.
The orc priest shouts!
The sling bullet hits the jackal.
The jackal is heavily wounded.
The orc priest mumbles some strange prayers to Beogh against you.
Beogh smites you! The orc priest barely misses you.
The orc hits you but does no damage.
You shoot a sling bullet.
The sling bullet closely misses the orc priest.
The orc priest hits you but does no damage.
The orc hits you but does no damage. x2; The orc priest closely misses you.
The orc barely misses you. The orc priest hits you with a +0 club.
You shoot a sling bullet. The sling bullet hits the orc priest!
The orc priest is almost dead.
The orc priest hits you with a +0 club. The orc priest closely misses you.
The orc completely misses you. The orc closely misses you.
You shoot a sling bullet. The sling bullet hits the orc priest.
You kill the orc priest!
The orc priest invokes the aid of Beogh against you.
Pain shoots through your body!
You die...

..#
#.).###..##.........
..###..##
##..#.........
..##..##
##...........
..#..## ##..........
....## ##..######
...## ##.# ...# #.#
##.## # ##o#
##..###..# #o@#
##......# #....So#
.....##.........h#
.....# .....ooo#
.....# ........#
.....# ........#
.....# ........#
.....# .........
.....+


You could see 3 orc priests, 3 orcs, a jackal and a ball python.

Vanquished Creatures
  An orc priest (D:3)
  2 dart slugs
  7 endoplasms
  A giant cockroach (D:1)
  4 goblins
  A quokka (D:3)
  5 ball pythons (D:1)
  2 bats
  A frilled lizard (D:1)
  6 kobolds
  5 rats
35 creatures vanquished.

Notes
Turn   | Place    | Note
-------+----------+-------------------------------------------
     0 | D:1      | qw the Gargoyle Hexslinger began the quest for the Orb.
     0 | D:1      | Reached XP level 1. HP: 12/12 MP: 2/2
     0 | D:1      | 0 ||| qw: Version: 0.3-a-52-g30416fa
     0 | D:1      | 0 ||| qw: Game counter: 7786
     0 | D:1      | 0 ||| qw: Melee chars always use a shield: true
     0 | D:1      | 0 ||| qw: God list: Okawaru
     0 | D:1      | 0 ||| qw: Allow faded altars: false
     0 | D:1      | 0 ||| qw: Do Orc after clearing Dungeon:15 true
     0 | D:1      | 0 ||| qw: Do second Lair branch before Depths: true
     0 | D:1      | 0 ||| qw: Lair rune preference: random
     0 | D:1      | 0 ||| qw: Goals: Normal
     0 | D:1      | 0 ||| PLANNING D:1-11
   159 | D:1      | Reached XP level 2. HP: 16/16 MP: 3/3
   339 | D:1      | Reached skill level 3 in Ranged Weapons
   669 | D:1      | 669 ||| UPGRADING to +0 leather armour.
   679 | D:1      | 679 ||| DROPPING +0 robe.
   680 | D:1      | 680 ||| READING 2 scrolls labelled QASEIH LEASIE.
   681 | D:1      | 681 ||| READING scroll of enchant weapon.
   681 | D:1      | 681 ||| ENCHANTING +2 sling.
   682 | D:1      | 682 ||| READING scroll labelled ISO QAUSUF.
   685 | D:1      | 685 ||| READING scroll labelled WODE GIHYOR.
   686 | D:1      | 686 ||| READING scroll labelled XUDEGE SYKUT.
   687 | D:1      | 687 ||| DROPPING scroll of poison.
   864 | D:2      | Identified the +6 whip "Totud" {protect, SInv}
   940 | D:2      | Reached XP level 3. HP: 21/21 MP: 4/4
  1036 | D:2      | Found Ulazeymn's Magic Scroll Shop.
  1044 | D:2      | 1044 ||| SHOPLISTING scroll of brand weapon (114 gold, have
                  | 56).
  1044 | D:2      | 1044 ||| SHOPLISTING scroll of enchant weapon (90 gold,
                  | have 56).
  1044 | D:2      | 1044 ||| BUYING scroll of identify (24 gold).
  1044 | D:2      | Bought a scroll of identify for 24 gold pieces
  1044 | D:2      | 1044 ||| BUYING scroll of identify (24 gold).
  1044 | D:2      | Bought a scroll of identify for 24 gold pieces
  1044 | D:2      | 1044 ||| SHOPLISTING scroll of identify (24 gold, have 8).
  1221 | D:2      | Found a faded altar of an unknown god.
  1223 | D:2      | 1223 ||| READING scroll labelled XAIVAG ESCHI.
  1224 | D:2      | 1224 ||| READING scroll labelled KUNLAE MYPONN.
  1225 | D:2      | 1225 ||| READING 2 scrolls of identify.
  1225 | D:2      | 1225 ||| IDENTIFYING grey potion
  1227 | D:2      | 1227 ||| DROPPING potion of lignification.
  1366 | D:3      | HP: 5/21 [orc priest/+0 club (1)]
  1368 | D:3      | Killed from afar by an orc priest

Levels and vault maps discovered:
D:1:      scummos_arrival_checkerplants, layout_loops_cross
D:2:      layout_basic, shapermc_ecumenical_altar_notcrosses, serial_shops, shop
D:3:      layout_basic, nemelex_spade_bored_becter, grunt_ministairs_12,
          minmay_misc_feat_tiny, kennysheep_another_room, uniq_terence

Skill      XL: |  1  2  3 |
---------------+----------+-----
Ranged Weapons | 3 |  3.4
Fighting       | 2 |  2.0
Dodging        | |  1.5
Spellcasting   | |  1.0
Hexes          | |  2.6

Action                     || total
---------------------------++-------
   Fire: Sling             ||   111
    Use: Scroll            ||     8
 Armour: Robe              ||    21
         Leather armour    ||     6
  Dodge: Dodged            ||    41

Table legend:
 A = Non-vault XP
 B = Vault XP
 C = Vault XP percentage of total XP
 D = Non-vault monster count
 E = Vault monster count
 F = Vault count percentage of total count
                 A         B        C        D         E       F
            +---------+---------+-------+---------+---------+-------
      Total |      97 |       0 |   0.0 |      35 |       0 |   0.0
            +---------+---------+-------+---------+---------+-------
        D:1 |      30 |       0 |   0.0 |      20 |       0 |   0.0
        D:2 |      13 |       0 |   0.0 |       7 |       0 |   0.0
        D:3 |      54 |       0 |   0.0 |       8 |       0 |   0.0
            +---------+---------+-------+---------+---------+-------
